 Dungeon Crawl Stone Soup version 0.30-a0-758-gc2c871d025 (webtiles) character file.

Game seed: 7772754702846927564

68 Querens the Sneak (level 4, -1/21 HPs)
             Began as a Spriggan Enchanter on Feb 10, 2023.
             Slain by an orc priest
             ... wielding a +0 war axe
              (10 damage)
             ... on level 3 of the Dungeon.
             The game lasted 00:04:09 (1197 turns).

Querens the Sneak (Spriggan Enchanter)              Turns: 1197, Time: 00:04:10

Health: -1/21      AC:  2    Str:  4    XL:     4   Next: 1%
Magic:  8/10       EV: 19    Int: 16    God:
Gold:   73         SH:  0    Dex: 23    Spells: 8/10 levels left

rFire   . . .      SeeInvis +    a - +1 dagger
rCold   . . .      Faith    .    (no shield)
rNeg    . . .      Spirit   .    b - +0 robe
rPois   .          Reflect  .    (helmet restricted)
rElec   .          Harm     .    (no cloak)
rCorr   .          Rampage  .    (gloves unavailable)
Will    .....                    (boots unavailable)
Stlth   +++                      (no amulet)
HPRegen 0.23/turn                d - +6 ring of dexterity
MPRegen 0.12/turn                (no ring)

@: very quick
A: very small, no large weapons, unfitting armour, see invisible, speed 3
a: no special abilities


You were on level 3 of the Dungeon.
You visited 1 branch of the dungeon, and saw 3 of its levels.

You collected 73 gold pieces.

Inventory:

Hand Weapons
 a - a +1 dagger (weapon)
Missiles
 j - 6 datura-tipped darts (quivered)
Armour
 b - a +0 robe (worn)
Jewellery
 d - a +6 ring of dexterity (left hand)
 n - a ring of fire
Wands
 k - a wand of paralysis (4)
Scrolls
 e - a scroll of vulnerability {unknown}
 f - 3 scrolls of teleportation {unknown}
 h - 3 scrolls of identify {unknown}
 l - a scroll of enchant weapon {unknown}
Potions
 c - 2 potions of invisibility
 g - 3 potions of curing {unknown}
 i - 2 potions of mutation {unknown}
 m - a potion of brilliance {unknown}


   Skills:
 + Level 2.2 Short Blades
 + Level 3.6 Dodging
 - Level 4.4 Stealth
 + Level 3.5 Spellcasting
 + Level 4.3 Hexes


You had 8 spell levels left.
You knew the following spells:

 Your Spells              Type           Power      Damage    Failure   Level
a - Ensorcelled Hibernat  Hex/Ice        18%        N/A       11%         2

Your spell library contained the following spells:

 Spells                   Type           Power      Damage    Failure   Level
 Confusing Touch          Hex            16%        N/A       9%          3
 Tukima's Dance           Hex            16%        N/A       9%          3
 Dazzling Flash           Conj/Hex       18%        N/A       22%         3


Dungeon Overview and Level Annotations

Branches:
Dungeon (3/15)

Altars:


Innate Abilities, Weirdness & Mutations

You are very small and have problems with some larger weapons.
You are too small for most types of armour.
You have supernaturally acute eyesight. (SInv)
You cover ground extremely quickly. (Speed+++)


Message History

2 orcs come into view.
An orc priest comes into view. It is wielding a +0 war axe.
The orc priest shouts!
The orc shouts!
You closely miss the rat. The rat bites you.
You hit the orc but do no damage. The rat misses you.
The orc hits you but does no damage. The rat closely misses you.
You hit the rat.
The rat is severely wounded.
The rat closely misses you.
The orc priest miscasts a cantrip.
You hit the rat.
You kill the rat!
You hit the orc but do no damage. The orc hits you with a +0 hand axe.
The orc misses you.
The orc priest looks encouraged for a moment.
The orc priest casts a cantrip, but nothing happens.
The orc closely misses you.
You hit the orc.
The orc is moderately wounded.
You hit the orc.
You kill the orc!
You have reached level 4!
You hit the orc but do no damage. The orc closely misses you.
The orc hits you with a +0 club.
You hit the orc priest.
The orc priest is lightly wounded.
The orc hits you with a +0 club. The orc priest completely misses you.
You hit the orc priest.
The orc priest is moderately wounded.
The orc completely misses you. The orc priest misses you.
Casting: Ensorcelled Hibernation (safe; 11% risk of failure)
Confirm with . or Enter, or press ? or * to list all spells.
Aiming: Ensorcelled Hibernation (safe; 11% risk of failure)
Press: ? - help, Shift-Dir - straight line, f - orc priest
Aim: an orc priest, wielding a +0 war axe (moderately wounded, chance to affect: 43%)
The orc priest resists with some effort.
The orc misses you.
The orc priest hits you with a +0 war axe!
You die...

###...## #######.# #....#
##.....## #.......# .....#
#.......###.##.##.# .....#
.........##.#...#.#######.....##
.........'...........oo.o.......
.........##.#...#.#########...##
#.......###.#.)##.# ## ##.....##
#.....oo# ##...## ###...@.#
##'## #.##### #.# #.# #.# #.
##.## #. ##...## #. .....## #.
...... ###..##


You could see an orc priest and an orc.

Vanquished Creatures
  A shadow imp (D:3)
  2 dart slugs
  An orc (D:3)
  5 endoplasms
  A giant cockroach (D:3)
  4 goblins
  9 hobgoblins
  4 jackals (D:2)
  7 kobolds
  2 quokkas
  5 ball pythons (D:1)
  3 bats
  2 frilled lizards (D:1)
  3 rats
49 creatures vanquished.

Notes
Turn   | Place    | Note
-------+----------+-------------------------------------------
     0 | D:1      | Querens the Spriggan Enchanter began the quest for the Orb.
     0 | D:1      | Reached XP level 1. HP: 9/9 MP: 5/5
   160 | D:1      | Reached XP level 2. HP: 13/13 MP: 6/6
   166 | D:1      | Learned a level 2 spell: Ensorcelled Hibernation
   473 | D:2      | Reached XP level 3. HP: 16/16 MP: 8/8
   542 | D:2      | Found a faded altar of an unknown god.
  1193 | D:3      | Reached XP level 4. HP: 15/21 MP: 10/10
  1197 | D:3      | Slain by an orc priest

Illustrated notes

Levels and vault maps discovered:
D:1:      psy_arrival_statuary, layout_rooms, minivault_24,
          minmay_misc_feat_hallway
D:2:      layout_loops_ring, ebering_ecumenical_altar_rust
D:3:      layout_loops_corners, nicolae_gozag_seed_capital,
          kennysheep_generic_room_13

Skill      XL: |  1  2  3 |
---------------+----------+-----
Dodging        | 3 |  3.6
Spellcasting   | 3 |  3.5
Hexes          | 4 |  4.3
Short Blades   | 2 |  2.2
Stealth        | |  4.4

Action                     |  1- 3 |  4- 6 || total
---------------------------+-------+-------++-------
  Melee: Dagger            |   133 |     3 ||   136
         Punch             |     2 |       ||     2
   Cast: Ensorcelled Hiber |       |     1 ||     1
   Stab: Sleeping          |    18 |       ||    18
 Armour: Robe              |     9 |       ||     9
  Dodge: Dodged            |    97 |     5 ||   102

Table legend: (Time is in decaauts)
 A = Elapsed time spent in this place.
 B = Non-inter-level travel time spent in this place.
 C = Inter-level travel time spent in this place.
 D = Time resting spent in this place.
 E = Time spent auto-exploring this place.
 F = Levels seen in this place.
 G = Mean time per level.
                   A        B        C        D        E       F      G
               +--------+--------+--------+--------+--------+-----+--------+
         Total |    779 |    752 |     27 |      0 |      0 |   3 |  259.7 |
       Dungeon |    779 |    752 |     27 |      0 |      0 |   3 |  259.7 |
               +--------+--------+--------+--------+--------+-----+--------+

Top non-repeatable levels by time:
     D:2: 341 daAuts
     D:1: 256 daAuts
     D:3: 180 daAuts
